 Dungeon Crawl Stone Soup version 0.30-a0-737-gf23d94013f (webtiles) character file.

Game seed: 1821298026226015942

4 kae the Grave Robber (level 1, -2/15 HPs)
             Began as a Ghoul Necromancer on Feb 1, 2023.
             Slain by a hobgoblin (4 damage)
             ... on level 1 of the Dungeon.
             The game lasted 00:00:24 (112 turns).

kae the Grave Robber (Ghoul Necromancer)             Turns: 112, Time: 00:00:25

Health: -2/15      AC:  2    Str: 11    XL:     1   Next: 70%
Magic:  2/2        EV: 12    Int: 10    God:
Gold:   14         SH:  0    Dex:  9    Spells: 2/3 levels left

rFire   . . .      SeeInvis .    (no weapon)
rCold   + . .      Faith    .    (no shield)
rNeg    + + +      Spirit   .    a - +0 robe
rPois   ∞          Reflect  .    (no helmet)
rElec   .          Harm     .    (no cloak)
rCorr   .          Rampage  .    (no gloves)
Will    .....                    (no boots)
Stlth   ++                       (no amulet)
HPRegen 0.00/turn                (no ring)
MPRegen 0.08/turn                (no ring)

@: inhibited regen
A: claws 1, cold resistance 1, negative energy resistance 3, inhibited
regeneration, torment resistance 2, devour on kill
a: no special abilities


You were on level 1 of the Dungeon.
You visited 1 branch of the dungeon, and saw 1 of its levels.

You collected 14 gold pieces.


Innate Abilities, Weirdness & Mutations

You are immune to poison.
You have sharp fingernails.
Your flesh is cold resistant. (rC+)
You are immune to negative energy. (rN+++)
You do not regenerate when monsters are visible.
You are immune to unholy pain and torment.
You thrive by killing the living.


   Skills:
 + Level 0.3 Fighting
 - Level 1.7 Dodging
 - Level 2.1 Stealth
 * Level 0.6 Unarmed Combat
 + Level 1.8 Spellcasting
 + Level 4.0 Necromancy


You had 2 spell levels left.
You knew the following spells:

 Your Spells              Type           Power      Damage    Failure   Level
a - Necrotise             Necr           36%        1d5       6%          1

Your spell library contained the following spells:

 Spells                   Type           Power      Damage    Failure   Level
 Vampiric Draining        Necr           9%         2d6       19%         3
 Animate Dead             Necr           9%         N/A       52%         4
 Agony                    Necr           9%         N/A       86%         5

Inventory:

Armour
 a - a +0 robe (worn)

Dungeon Overview and Level Annotations

Branches:
Dungeon (1/15) Zot: 5887

Altars:

.#.##.# ##.
...##.## ###...
#......## ####...#
##.#.#..#####....#
#.#.##..........#
#.>.########.#..#
# #.###
#.#..######.# ..#
##...)........
#..#
##....@b.......
#..#
#.....gK....... #
#...........(..
#........>.....
#...........$.#
#.............#
##......)......
#............#
..#$.######..#


You could see a hobgoblin, a bat and a kobold.


Message History

😎 MP[-1]
You lost 1 mp, and now have 1/2 mp.
You closely miss the rat. The rat barely misses you.
You barely miss the rat. The rat bites you. 😕 HP[-2]
You take 2 damage, and now have 12/14 hp.
You barely miss the rat. The rat bites you but does no damage.
You scratch the rat but do no damage. The rat bites you but does no damage.
Casting: Necrotise (safe; 6% risk of failure)
Confirm with . or Enter, or press ? or * to list all spells.
Aiming: Necrotise (safe; 6% risk of failure)
Press: ? - help, Shift-Dir - straight line, f/p - rat
Aim: a rat (chance to affect: 75%)
The rat writhes in agony.
You kill the rat!
The dead are walking! 😕 MP[-1]
You lost 1 mp, and now have 0/2 mp.
Casting: Necrotise (safe; 6% risk of failure)
Confirm with . or Enter, or press ? or * to list all spells.
You don't have enough magic to cast this spell.
A bat comes into view. 😎 HP[+2] MP[+2]
Your hp is fully restored (14).
Your mp is fully restored (2).
A bat is nearby!
A bat is nearby!
A bat is nearby!
A goblin comes into view. It is wielding a +0 club.
Found a stone staircase leading down.
Casting: Necrotise (safe; 6% risk of failure)
Confirm with . or Enter, or press ? or * to list all spells.
Aiming: Necrotise (safe; 6% risk of failure)
Press: ? - help, Shift-Dir - straight line, f - bat
Aim: a bat (asleep, ally target, chance to affect: 75%)
The bat struggles to resist.
The goblin shouts!
The bat hits you.
There are monsters nearby!
Casting: Necrotise (safe; 6% risk of failure)
Confirm with . or Enter, or press ? or * to list all spells.
Aiming: Necrotise (safe; 6% risk of failure)
Press: ? - help, Shift-Dir - straight line, f/p - bat
Aim: a bat (ally target, chance to affect: 75%)
The bat writhes in agony.
You kill the bat!
You feel better.
The dead are flying!
A goblin is nearby!
Casting: Necrotise (safe; 6% risk of failure)
Confirm with . or Enter, or press ? or * to list all spells.
You don't have enough magic to cast this spell. 😎 MP[-2]
You lost 2 mp, and now have 0/2 mp.
Your bat skeleton hits the goblin.
A frilled lizard comes into view.
Your bat skeleton hits the goblin. x3
The goblin hits your bat skeleton with a +0 club.
A hobgoblin comes into view.
A kobold comes into view. It is wielding a +0 whip.
You miss the goblin.
Your bat skeleton hits the goblin.
The goblin dies!
A bat comes into view. x2
Your bat skeleton barely misses the frilled lizard.
Your bat skeleton hits the frilled lizard.
The bat moves out of view.
Your bat skeleton misses the frilled lizard.
Your bat skeleton barely misses the frilled lizard.
Your bat skeleton closely misses the frilled lizard.
The frilled lizard barely misses you.
The kobold hits your bat skeleton with a +0 whip.
Your bat skeleton is destroyed!
You barely miss the frilled lizard. The hobgoblin hits your rat skeleton.
The frilled lizard closely misses you. The bat hits you but does no damage.
You scratch the frilled lizard.
You kill the frilled lizard!
The bat closely misses you.
Your rat skeleton closely misses the hobgoblin.
The hobgoblin hits your rat skeleton. 😎 HP[+1]
You now have 15 max hp (+1).
Your hp is fully restored (15).
You closely miss the bat. The bat hits you but does no damage.
Your rat skeleton closely misses the hobgoblin.
The hobgoblin hits your rat skeleton. The kobold hits you with a +0 whip.
The bat completely misses you.
You closely miss the bat.
Your rat skeleton crumbles into dust!
The bat misses you. The kobold hits you with a +0 whip.
* * * LOW HITPOINT WARNING * * *
The bat hits you but does no damage. 😨 HP[-8]
You take 8 damage, and now have 7/15 hp.
MASSIVE DAMAGE!! (PAUSE)
The kobold attacks as you move away! The kobold hits you with a +0 whip.
* * * LOW HITPOINT WARNING * * *
The bat hits you.
* * * LOW HITPOINT WARNING * * *
😱 HP[-5]
You take 5 damage, and now have 2/15 hp.
MASSIVE DAMAGE!! (PAUSE) Magic courses through your body.
The hobgoblin hits you.
You die...

Action                     || total
---------------------------++-------
  Melee: Unarmed           ||    12
   Cast: Necrotise         ||     6
    Use: Potion            ||     1
 Armour: Robe              ||     6
  Dodge: Dodged            ||     6

Levels and vault maps discovered:
D:1:      eino_arrival_druids_welcome, layout_rooms, minmay_ruptured

Notes
Turn   | Place    | Note
-------+----------+-------------------------------------------
     0 | D:1      | kae the Ghoul Necromancer began the quest for the Orb.
     0 | D:1      | Reached XP level 1. HP: 14/14 MP: 2/2
     0 | D:1      | magus.rc [v1.11.3]
   111 | D:1      | HP: 3/15 [kobold/+0 whip (4)]
   112 | D:1      | Slain by a hobgoblin

Vanquished Creatures
  A bat (D:1)
  A frilled lizard (D:1)
  2 rats (D:1)
4 creatures vanquished.

Vanquished Creatures (collateral kills)
  A goblin (D:1)
1 creature vanquished.

Grand Total: 5 creatures vanquished

Table legend:
 A = Non-vault XP
 B = Vault XP
 C = Vault XP percentage of total XP
 D = Non-vault monster count
 E = Vault monster count
 F = Vault count percentage of total count
                 A         B        C        D         E       F
            +---------+---------+-------+---------+---------+-------
      Total |       7 |       0 |   0.0 |       5 |       0 |   0.0
            +---------+---------+-------+---------+---------+-------
        D:1 |       7 |       0 |   0.0 |       5 |       0 |   0.0
            +---------+---------+-------+---------+---------+-------

Illustrated notes

Table legend:
 A = Kills in this place as a percentage of kills in entire the game.
 B = Kills by you in this place as a percentage of kills by you in the entire game.
 C = Kills by friends in this place as a percentage of kills by friends in the entire game.
 D = Other kills in this place as a percentage of other kills in the entire game.
 E = Experience gained in this place as a percentage of experience gained in the entire game.
 F = Experience gained in this place divided by the number of levels of this place that you have seen.
                   A       B       C       D       E      F
               +-------+-------+-------+-------+-------+----------------------
         Total | 100.0 | 100.0 | 100.0 |   N/A | 100.0 |   7.0
       Dungeon | 100.0 | 100.0 | 100.0 |   N/A | 100.0 |   7.0
               +-------+-------+-------+-------+-------+----------------------

Table legend: (Time is in decaauts)
 A = Elapsed time spent in this place.
 B = Non-inter-level travel time spent in this place.
 C = Inter-level travel time spent in this place.
 D = Time resting spent in this place.
 E = Time spent auto-exploring this place.
 F = Levels seen in this place.
 G = Mean time per level.
                   A        B        C        D        E       F      G
               +--------+--------+--------+--------+--------+-----+--------+
         Total |    112 |    112 |      0 |      0 |     79 |   1 |  112.0 |
       Dungeon |    112 |    112 |      0 |      0 |     79 |   1 |  112.0 |
               +--------+--------+--------+--------+--------+-----+--------+

Top non-repeatable levels by time:
     D:1: 112 daAuts
